Monarchs vs Rafales
Created - January 18, 2019 at 22:54
Goals
|
| Monarchs |
2 |
3 |
0 |
5 |
| Rafales |
5 |
3 |
1 |
9 |
|
Shots
|
| Monarchs |
18 |
13 |
2 |
33 |
| Rafales |
15 |
13 |
13 |
41 |
|
1st period
1. Rafales , Carl Klingberg 11 (Slater Koekkoek 6, Cedric Paquette 4) at 11:56
2. Monarchs , Marko Dano 16 (Connor Brown 47) at 12:04
3. Rafales , Cody McLeod 29 (Connor Murphy 13) at 12:52 (SH)
4. Monarchs , Teuvo Teravainen 19 (Joel Armia 3, Will Butcher 13) at 13:29 (PP)
5. Rafales , Brian Ferlin 7 (Carl Klingberg 20) at 17:11
6. Rafales , Cody McLeod 30 (Connor Murphy 14) at 17:25
7. Rafales , Nathan Davis 15 (James Sheppard 14) at 18:16
Penalties :
Will Butcher (MAN) for Hooking (Minor) at 5:53, Dylan McIlrath (Stf) for Roughing (Double Minor) at 12:31
2nd period
8. Monarchs , Teuvo Teravainen 20 (Garnet Hathaway 24) at 4:43
9. Monarchs , Connor Brown 18 (Darnell Nurse 7) at 5:54
10. Rafales , Nathan Davis 16 (James Sheppard 15, Matt Gilroy 21) at 6:27
11. Rafales , Mike Zigomanis 30 (Cody McLeod 42, Joey Laleggia 2) at 10:45
12. Monarchs , Steve Ott 19 (Jonathan Drouin 12, Joel Armia 4) at 13:00
13. Rafales , Kevin Veilleux 7 (James Marcou 10) at 19:36
Penalties :
Alec Martinez (MAN) for High sticking (Minor) at 14:18, Mike Zigomanis (Stf) for Roughing (Minor) at 15:10
3rd period
14. Rafales , Milan Bartovic 17 (Nathan Davis 26, Michael Ryder 7) at 1:55
Penalties :
Cody McLeod (Stf) for Fighting (Major) at 2:02, Connor Brown (MAN) for Fighting (Major) at 2:02, Steve Ott (MAN) for Hooking (Minor) at 2:54, Darnell Nurse (MAN) for Hooking (Minor) at 6:03, Darnell Nurse (MAN) for Slashing (Minor) at 9:22, Joel Armia (MAN) for Interference (Minor) at 16:22
Goalie Stats
Anders Lindback (MAN), 18 saves from 23 shots - (0.783), 37:49 minutes
Eric Comrie (MAN), 14 saves from 18 shots - (0.778), L, 3-6-1, 22:11 minutes
Leland Irving (Stf), 28 saves from 33 shots - (0.848), W, 20-14-1, 60:00 minutes
Players Stats for Monarchs
Player Name G A P +/- PIM S H SB GA TA FO MP PP MP PK MP
------------------------------------------------------------------------------------
Alec Martinez 0 0 0 -2 2 0 0 1 0 1 0/0 19:06 1:26 5:19
Andre Burakovsky 0 0 0 -3 0 6 0 1 1 1 1/2 18:16 2:14 0:00
Chris Tierney 0 0 0 -1 0 0 1 1 1 0 0/1 14:33 0:00 5:54
Connor Brown 1 1 2 -3 5 4 0 0 1 0 1/3 17:50 2:21 0:10
Darnell Nurse 0 1 1 1 4 1 1 5 0 3 0/0 20:16 0:00 3:11
Daultan Leveillé 0 0 0 -2 0 0 3 0 0 0 6/14 17:31 0:07 5:54
David Fischer 0 0 0 -3 0 1 0 0 0 0 0/0 12:36 0:00 1:54
Davis Drewiske 0 0 0 0 0 0 0 0 0 0 0/0 5:39 0:00 4:54
Garnet Hathaway 0 1 1 -2 0 1 4 0 0 0 0/1 14:36 1:19 2:10
Jeff Petry 0 0 0 0 0 0 0 0 0 0 0/0 5:43 0:00 0:23
Joel Armia 0 2 2 1 2 1 1 0 0 0 0/0 10:25 1:28 0:00
Jonathan Drouin 0 1 1 1 0 3 0 0 1 1 1/1 10:24 1:28 0:00
Josh Morrissey 0 0 0 -2 0 0 1 1 0 0 0/0 12:26 0:20 0:00
Marko Dano 1 0 1 -3 0 4 1 0 0 0 16/37 19:11 2:10 0:25
Mike Hoffman 0 0 0 -1 0 1 0 0 0 1 1/1 10:00 0:00 2:09
Mike Reilly 0 0 0 -1 0 0 0 0 0 0 0/0 7:10 2:10 0:09
Robert Hagg 0 0 0 -3 0 0 0 2 0 1 0/0 17:19 0:20 5:44
Ryan White 0 0 0 0 0 0 0 0 0 0 0/0 3:09 0:00 2:44
Steve Ott 1 0 1 1 2 2 4 0 1 0 2/4 11:52 0:00 2:18
Teuvo Teravainen 2 0 2 -2 0 7 0 0 0 0 0/0 13:32 1:28 0:00
Valentin Zykov 0 0 0 -1 0 1 0 0 1 0 0/0 7:42 0:04 0:00
Will Butcher 0 1 1 0 2 1 0 0 0 1 0/0 18:53 2:10 0:00
Players Stats for Rafales
Player Name G A P +/- PIM S H SB GA TA FO MP PP MP PK MP
------------------------------------------------------------------------------------
Brian Ferlin 1 0 1 1 0 2 0 0 1 1 0/0 11:20 0:12 0:00
Carl Klingberg 1 1 2 1 0 2 0 0 0 0 0/0 13:30 1:24 0:35
Cedric Paquette 0 1 1 1 0 0 2 0 0 0 3/4 12:12 0:12 0:17
Chris Terry 0 0 0 0 0 0 0 0 2 0 0/0 8:19 0:00 0:00
Cody McLeod 2 1 3 2 5 7 0 0 0 0 0/1 20:56 3:56 2:25
Connor Murphy 0 2 2 2 0 1 0 1 0 1 0/0 27:32 5:47 2:25
Dennis Persson 0 0 0 0 0 0 0 1 0 0 0/0 13:33 0:00 1:02
Dylan McIlrath 0 0 0 3 4 1 0 3 0 2 0/0 19:45 5:00 0:22
James Marcou 0 1 1 0 0 0 0 0 0 0 0/0 8:11 0:00 0:00
James Sheppard 0 2 2 2 0 5 1 0 1 0 0/2 17:46 5:27 0:49
Joey Laleggia 0 1 1 0 0 0 0 3 1 0 0/0 13:51 0:00 1:24
Kevin Veilleux 1 0 1 0 0 2 1 0 0 0 2/5 8:11 0:00 0:00
Matt Gilroy 0 1 1 2 0 0 2 1 1 0 0/0 27:32 5:47 2:25
Michael Ryder 0 1 1 1 0 2 2 0 1 0 2/2 19:30 5:11 0:00
Mike Zigomanis 1 0 1 2 2 3 0 0 2 1 21/40 21:40 5:10 2:11
Milan Bartovic 1 0 1 2 0 9 5 0 0 1 0/0 15:49 5:24 0:00
Nathan Davis 2 1 3 2 0 7 3 0 0 0 8/10 17:24 5:24 1:21
Slater Koekkoek 0 1 1 3 0 0 1 1 0 0 0/0 18:00 5:00 0:00
3 Stars
1 - Nathan Davis (Stf)
2 - Milan Bartovic (Stf)
3 - Cody McLeod (Stf)
Power Play
Monarchs - 1 on 3 Attempt(s) - 33.33%
Rafales - 0 on 6 Attempt(s) - 0.00%
Penalty Kill
Monarchs - 6 on 6 Attempt(s) - 100.00%
- Score 0 goal in Penalty Kill
Rafales - 2 on 3 Attempt(s) - 66.67%
- Score 1 goal in Penalty Kill
Team Stat
Monarchs - Hits : 16 - Faceoff Wins : 28 - Blocked Shots : 11 - Penalty Minutes : 17
Rafales - Hits : 17 - Faceoff Wins : 36 - Blocked Shots : 10 - Penalty Minutes : 11
Official
Referees : Unknown
Linesman : Unknown
Game Notes
Eric Comrie enters game at 17:25 of 1st period
Anders Lindback enters game at 19:36 of 2nd period
Cody McLeod and Connor Brown fight to a draw at 2:02 of 3rd period
Finance
Level 1 -- Attendance: 1419 (70.95%) -- Ticket Income $56,760
Level 2 -- Attendance: 749 (74.90%) -- Ticket Income $14,980
Total Attendance: 2168 (72.27%)
Total Ticket Income: $71,740
Other Income: $3,587
Total Income: $75,327
Monarchs
5 vs 5 Forward
Center Left Wing Right Wing Time % Phy DF OF
1 Marko Dano Andre Burakovsky Connor Brown 40 0 2 3
2 Daultan Leveillé Teuvo Teravainen Garnet Hathaway 30 1 2 2
3 Steve Ott Jonathan Drouin Joel Armia 15 1 2 2
4 Chris Tierney Valentin Zykov Mike Hoffman 15 0 2 3
5 vs 5 Defense
Defense Defense Time % Phy DF OF
1 Darnell Nurse Will Butcher 35 0 3 2
2 Alec Martinez Josh Morrissey 30 0 4 1
3 Robert Hagg David Fischer 25 1 3 1
4 Mike Reilly Jeff Petry 10 0 3 2
PowerPlay Forward
Center Left Wing Right Wing Time % Phy DF OF
1 Marko Dano Andre Burakovsky Connor Brown 60 0 1 4
2 Jonathan Drouin Teuvo Teravainen Joel Armia 40 0 1 4
PowerPlay Defense
Defense Defense Time % Phy DF OF
1 Will Butcher Mike Reilly 60 0 2 3
2 Alec Martinez Garnet Hathaway 40 0 2 3
Penalty Kill 4 Players Forward
Center Wing Time % Phy DF OF
1 Daultan Leveillé Chris Tierney 60 0 4 1
2 Steve Ott Ryan White 40 0 4 1
Penalty Kill 4 Players Defense
Defense Defense Time % Phy DF OF
1 Robert Hagg Alec Martinez 60 0 5 0
2 Darnell Nurse Davis Drewiske 40 0 5 0
Penalty Kill - 3 Players Forward
Forward Time % Phy DF OF
1 Daultan Leveillé 60 1 4 0
2 Steve Ott 40 1 4 0
Penalty Kill - 3 Players Defense
Defense Defense Time % Phy DF OF
1 Alec Martinez Robert Hagg 60 0 5 0
2 Darnell Nurse Davis Drewiske 40 0 5 0
4 vs 4 Forward
Center Wing Time % Phy DF OF
1 Marko Dano Teuvo Teravainen 60 1 2 2
2 Connor Brown Daultan Leveillé 40 1 2 2
4 vs 4 Defense
Defense Defense Time % Phy DF OF
1 Darnell Nurse Will Butcher 60 1 2 2
2 Alec Martinez Josh Morrissey 40 1 2 2
Last Minutes Offensive
Center Left Wing Right Wing Defense Defense
Marko Dano Andre Burakovsky Connor Brown Teuvo Teravainen Will Butcher
Last Minutes Defensive
Center Left Wing Right Wing Defense Defense
Chris Tierney Daultan Leveillé Garnet Hathaway Robert Hagg Alec Martinez
Goaltenders
Starting : Anders Lindback
Backup : Eric Comrie
Extra Forwards
Normal : Marko Dano, Chris Tierney, Teuvo Teravainen - PP : Valentin Zykov, Daultan Leveillé - PK : Garnet Hathaway
Extra Defensemen
Normal : Will Butcher, Alec Martinez, Robert Hagg - PP : Josh Morrissey - PK : David Fischer, Jeff Petry
Penalty Shots
Andre Burakovsky, Teuvo Teravainen, Marko Dano, Mike Hoffman, Steve Ott
Scratches
Colin Smith (Healthy), Nicklas Jensen (Healthy), Nikita Alexeev (Healthy), Artturi Lehkonen (Healthy), Anthony Peluso (Healthy)
Luca Sbisa (Healthy), Zach Redmond (Healthy), Tyler Beskorowany (Healthy)
Rafales
5 vs 5 Forward
Center Left Wing Right Wing Time % Phy DF OF
1 Mike Zigomanis Cody McLeod Michael Ryder 40 0 1 4
2 Nathan Davis James Sheppard Milan Bartovic 30 1 1 3
3 Cedric Paquette Carl Klingberg Brian Ferlin 20 1 1 3
4 Kevin Veilleux Chris Terry James Marcou 10 2 1 2
5 vs 5 Defense
Defense Defense Time % Phy DF OF
1 Matt Gilroy Connor Murphy 40 1 3 1
2 Slater Koekkoek Dylan McIlrath 30 1 3 1
3 Dennis Persson Joey Laleggia 20 2 2 1
4 Matt Gilroy Connor Murphy 10 1 3 1
PowerPlay Forward
Center Left Wing Right Wing Time % Phy DF OF
1 Mike Zigomanis Cody McLeod Michael Ryder 60 0 0 5
2 Nathan Davis James Sheppard Milan Bartovic 40 0 0 5
PowerPlay Defense
Defense Defense Time % Phy DF OF
1 Matt Gilroy Connor Murphy 60 0 2 3
2 Slater Koekkoek Dylan McIlrath 40 0 2 3
Penalty Kill 4 Players Forward
Center Wing Time % Phy DF OF
1 Mike Zigomanis Cody McLeod 60 1 3 1
2 James Sheppard Nathan Davis 40 1 3 1
Penalty Kill 4 Players Defense
Defense Defense Time % Phy DF OF
1 Matt Gilroy Connor Murphy 60 2 3 0
2 Joey Laleggia Dylan McIlrath 40 2 3 0
Penalty Kill - 3 Players Forward
Forward Time % Phy DF OF
1 Mike Zigomanis 60 1 4 0
2 Cody McLeod 40 1 4 0
Penalty Kill - 3 Players Defense
Defense Defense Time % Phy DF OF
1 Matt Gilroy Connor Murphy 60 2 3 0
2 Dennis Persson Joey Laleggia 40 2 3 0
4 vs 4 Forward
Center Wing Time % Phy DF OF
1 Mike Zigomanis Cody McLeod 60 1 1 3
2 James Sheppard Nathan Davis 40 1 1 3
4 vs 4 Defense
Defense Defense Time % Phy DF OF
1 Matt Gilroy Connor Murphy 60 1 3 1
2 Dennis Persson Dylan McIlrath 40 1 3 1
Last Minutes Offensive
Center Left Wing Right Wing Defense Defense
Mike Zigomanis Cody McLeod Milan Bartovic Matt Gilroy Connor Murphy
Last Minutes Defensive
Center Left Wing Right Wing Defense Defense
Mike Zigomanis Cody McLeod Milan Bartovic Matt Gilroy Joey Laleggia
Goaltenders
Starting : Leland Irving
Backup : Sean Maguire
Extra Forwards
Normal : Cody McLeod, Mike Zigomanis, James Sheppard - PP : Cody McLeod, Mike Zigomanis - PK : Carl Klingberg
Extra Defensemen
Normal : Connor Murphy, Matt Gilroy, Dennis Persson - PP : Connor Murphy - PK : Joey Laleggia, Dennis Persson
Penalty Shots
Mike Zigomanis, Cody McLeod, James Sheppard, Nathan Davis, Milan Bartovic
Scratches
Ben Sexton (Healthy), Ryan Bourque (Healthy), Ben Johnson (Healthy), Jayson Megna (Healthy), Brad Ross (Healthy)
Ben Thomson (Healthy), Julian Melchiori (Bruised Left Shoulder Injury), Tyrell Goulbourne (Healthy), David Broll (Healthy), Stefan Chaput (Healthy)
Akim Aliu (Healthy), Maksim Mayorov (Healthy), Chris Driedger (Healthy)
% Time on Ice - Monarchs
Lines # - Real PCT - Wanted PCT - Time Play
Normal Forward
1 - 37% - 40% - 16:28
2 - 26% - 30% - 11:21
3 - 20% - 15% - 8:56
4 - 17% - 15% - 7:32
Normal Defense
1 - 36% - 35% - 16:05
2 - 31% - 30% - 13:53
3 - 24% - 25% - 10:42
4 - 8% - 10% - 3:37
PP Forward
1 - 59% - 60% - 2:14
2 - 41% - 40% - 1:35
PP Defense
1 - 57% - 60% - 2:10
2 - 43% - 40% - 1:39
PK Forward
1 - 75% - 60% - 8:03
2 - 25% - 40% - 2:44
PK Defense
1 - 53% - 60% - 5:44
2 - 47% - 40% - 5:03
PK3 Forward
1 - 0% - 60%
2 - 0% - 40%
PK3 Defense
1 - 0% - 60%
2 - 0% - 40%
44 Forward
1 - 88% - 60% - 0:59
2 - 12% - 40% - 0:08
44 Defense
1 - 79% - 60% - 0:53
2 - 21% - 40% - 0:14
Last Minute Offensive - 0:00
Last Minute Defensive - 0:00
Total
Forward - 60:00
Defense - 60:00
|
% Time on Ice - Rafales
Lines # - Real PCT - Wanted PCT - Time Play
Normal Forward
1 - 33% - 40% - 14:43
2 - 24% - 30% - 10:39
3 - 24% - 20% - 10:44
4 - 18% - 10% - 8:11
Normal Defense
1 - 38% - 40% - 16:48
2 - 32% - 30% - 14:06
3 - 26% - 20% - 11:21
4 - 5% - 10% - 2:02
PP Forward
1 - 50% - 60% - 5:23
2 - 50% - 40% - 5:24
PP Defense
1 - 54% - 60% - 5:47
2 - 46% - 40% - 5:00
PK Forward
1 - 80% - 60% - 3:03
2 - 20% - 40% - 0:46
PK Defense
1 - 63% - 60% - 2:25
2 - 37% - 40% - 1:24
PK3 Forward
1 - 0% - 60%
2 - 0% - 40%
PK3 Defense
1 - 0% - 60%
2 - 0% - 40%
44 Forward
1 - 100% - 60% - 1:07
2 - 0% - 40% - 0:00
44 Defense
1 - 45% - 60% - 0:30
2 - 55% - 40% - 0:37
Last Minute Offensive - 0:00
Last Minute Defensive - 0:00
Total
Forward - 60:00
Defense - 60:00
|
Play-by-Play
1st period
0:01 of 1st period - Marko Dano wins face-off versus Mike Zigomanis in neutral zone.
0:26 of 1st period - Matt Gilroy is hit by Garnet Hathaway and loses puck.
0:35 of 1st period - Slapshot by Garnet Hathaway.
0:35 of 1st period - Deflect By Teuvo Teravainen.
0:35 of 1st period - Stopped by Leland Irving without a rebound.
0:36 of 1st period - Cedric Paquette wins face-off versus Steve Ott in Rafales zone.
0:41 of 1st period - Snap shot by Brian Ferlin.
0:41 of 1st period - Shot Misses the Net.
0:47 of 1st period - Slater Koekkoek is hit by Steve Ott and loses puck.
1:19 of 1st period - Snap shot by Brian Ferlin.
1:19 of 1st period - Deflect By Carl Klingberg.
1:19 of 1st period - Shot Misses the Net.
1:19 of 1st period - Puck is out of play.
1:20 of 1st period - Mike Zigomanis wins face-off versus Marko Dano in Monarchs zone.
1:25 of 1st period - Wrist shot by Michael Ryder.
1:25 of 1st period - Stopped by Anders Lindback with a rebound.
1:54 of 1st period - Wrist shot by Nathan Davis.
1:54 of 1st period - Stopped by Anders Lindback with a rebound.
2:14 of 1st period - Wrist shot by Garnet Hathaway.
2:14 of 1st period - Shot Blocked by Joey Laleggia.
2:16 of 1st period - Wrist shot by Will Butcher.
2:16 of 1st period - Stopped by Leland Irving with a rebound.
2:34 of 1st period - Icing by Mike Zigomanis.
2:35 of 1st period - Marko Dano wins face-off versus Mike Zigomanis in Rafales zone.
2:40 of 1st period - Snap shot by Marko Dano.
2:40 of 1st period - Stopped by Leland Irving without a rebound.
2:41 of 1st period - Nathan Davis wins face-off versus Marko Dano in Rafales zone.
4:15 of 1st period - Wrist shot by Marko Dano.
4:15 of 1st period - Shot Blocked by Slater Koekkoek.
4:17 of 1st period - Snap shot by Andre Burakovsky.
4:17 of 1st period - Stopped by Leland Irving without a rebound.
4:18 of 1st period - Mike Zigomanis wins face-off versus Marko Dano in Rafales zone.
5:10 of 1st period - Chris Tierney is hit by Cedric Paquette and loses puck.
5:30 of 1st period - Snap shot by Joel Armia.
5:30 of 1st period - Stopped by Leland Irving without a rebound.
5:31 of 1st period - Steve Ott wins face-off versus Mike Zigomanis in Rafales zone.
5:46 of 1st period - Snap shot by Michael Ryder.
5:46 of 1st period - Shot Misses the Net.
5:48 of 1st period - Snap shot by Mike Zigomanis.
5:48 of 1st period - Stopped by Anders Lindback without a rebound.
5:49 of 1st period - Nathan Davis wins face-off versus Marko Dano in Monarchs zone.
5:53 of 1st period - Minor Penalty to Will Butcher for Hooking.
5:54 of 1st period - Mike Zigomanis wins face-off versus Daultan Leveillé in Monarchs zone.
6:55 of 1st period - Snap shot by Cody McLeod.
6:55 of 1st period - Stopped by Anders Lindback with a rebound.
7:53 of 1st period - Penalty to Will Butcher is over, Will Butcher is back on ice.
9:29 of 1st period - Will Butcher is hit by Nathan Davis and loses puck.
9:49 of 1st period - Icing by Kevin Veilleux.
9:50 of 1st period - Kevin Veilleux wins face-off versus Marko Dano in Rafales zone.
9:55 of 1st period - Marko Dano is hit by Matt Gilroy and loses puck.
10:37 of 1st period - Slapshot by James Sheppard.
10:37 of 1st period - Stopped by Anders Lindback with a rebound.
10:59 of 1st period - Wrist shot by Connor Brown.
10:59 of 1st period - Stopped by Leland Irving without a rebound.
11:00 of 1st period - Marko Dano wins face-off versus Mike Zigomanis in Rafales zone.
11:09 of 1st period - Backhand shot by Marko Dano.
11:09 of 1st period - Deflect By Cody McLeod.
11:09 of 1st period - Stopped by Leland Irving with a rebound.
11:11 of 1st period - Wrist shot by Andre Burakovsky.
11:11 of 1st period - Shot Misses the Net.
11:13 of 1st period - Slapshot by Josh Morrissey.
11:13 of 1st period - Shot Misses the Net.
11:15 of 1st period - Slapshot by Josh Morrissey.
11:15 of 1st period - Shot Blocked by Matt Gilroy.
11:46 of 1st period - Slapshot by Matt Gilroy.
11:46 of 1st period - Shot Blocked by Chris Tierney.
11:48 of 1st period - Slapshot by Carl Klingberg.
11:48 of 1st period - Deflect By Brian Ferlin.
11:48 of 1st period - Shot Blocked by Darnell Nurse.
11:48 of 1st period - Puck is out of play.
11:49 of 1st period - Cedric Paquette wins face-off versus Marko Dano in Monarchs zone.
11:52 of 1st period - Snap shot by Carl Klingberg.
11:52 of 1st period - Stopped by Anders Lindback with a rebound.
11:54 of 1st period - Slapshot by Slater Koekkoek.
11:54 of 1st period - Shot Misses the Net.
11:56 of 1st period - Snap shot by Carl Klingberg.
11:56 of 1st period - Goal by Carl Klingberg - Monarchs : 0 - Rafales : 1.
11:57 of 1st period - Marko Dano wins face-off versus Mike Zigomanis in neutral zone.
12:04 of 1st period - Slapshot by Marko Dano.
12:04 of 1st period - Goal by Marko Dano - Monarchs : 1 - Rafales : 1.
12:05 of 1st period - Marko Dano wins face-off versus Mike Zigomanis in neutral zone.
12:12 of 1st period - Backhand shot by Andre Burakovsky.
12:12 of 1st period - Stopped by Leland Irving with a rebound.
12:14 of 1st period - Snap shot by Connor Brown.
12:14 of 1st period - Shot Blocked by Connor Murphy.
12:16 of 1st period - Wrist shot by Marko Dano.
12:16 of 1st period - Stopped by Leland Irving without a rebound.
12:17 of 1st period - Michael Ryder wins face-off versus Marko Dano in Rafales zone.
12:24 of 1st period - Icing by Slater Koekkoek.
12:25 of 1st period - Connor Brown wins face-off versus Mike Zigomanis in Rafales zone.
12:31 of 1st period - Double Minor Penalty to Dylan McIlrath for Roughing.
12:32 of 1st period - Mike Zigomanis wins face-off versus Connor Brown in Rafales zone.
12:42 of 1st period - Snap shot by Connor Brown.
12:42 of 1st period - Stopped by Leland Irving without a rebound.
12:43 of 1st period - Mike Zigomanis wins face-off versus Marko Dano in Rafales zone.
12:52 of 1st period - Snap shot by Cody McLeod.
12:52 of 1st period - Goal by Cody McLeod - Monarchs : 1 - Rafales : 2.
12:53 of 1st period - Marko Dano wins face-off versus Mike Zigomanis in neutral zone.
12:56 of 1st period - Slapshot by Andre Burakovsky.
12:56 of 1st period - Stopped by Leland Irving with a rebound.
13:29 of 1st period - Snap shot by Teuvo Teravainen.
13:29 of 1st period - Goal by Teuvo Teravainen - Monarchs : 2 - Rafales : 2.
13:30 of 1st period - Mike Zigomanis wins face-off versus Marko Dano in neutral zone.
14:06 of 1st period - Off-side.
14:07 of 1st period - Marko Dano wins face-off versus James Sheppard in neutral zone.
14:21 of 1st period - Wrist shot by Andre Burakovsky.
14:21 of 1st period - Stopped by Leland Irving without a rebound.
14:22 of 1st period - Mike Zigomanis wins face-off versus Marko Dano in Rafales zone.
15:00 of 1st period - Wrist shot by Teuvo Teravainen.
15:00 of 1st period - Deflect By Jonathan Drouin.
15:00 of 1st period - Stopped by Leland Irving with a rebound.
15:02 of 1st period - Slapshot by Alec Martinez.
15:02 of 1st period - Deflect By Joel Armia.
15:02 of 1st period - Shot Misses the Net.
15:02 of 1st period - Puck is out of play.
15:03 of 1st period - Jonathan Drouin wins face-off versus Mike Zigomanis in Rafales zone.
15:14 of 1st period - Snap shot by Jonathan Drouin.
15:14 of 1st period - Stopped by Leland Irving with a rebound.
15:16 of 1st period - Slapshot by Teuvo Teravainen.
15:16 of 1st period - Shot Blocked by Joey Laleggia.
15:18 of 1st period - Snap shot by Alec Martinez.
15:18 of 1st period - Shot Blocked by Joey Laleggia.
15:29 of 1st period - Penalty to Dylan McIlrath is over, Dylan McIlrath is back on ice.
15:54 of 1st period - Slapshot by Nathan Davis.
15:54 of 1st period - Shot Blocked by Darnell Nurse.
15:56 of 1st period - Slapshot by Carl Klingberg.
15:56 of 1st period - Shot Blocked by Darnell Nurse.
15:58 of 1st period - Wrist shot by Dennis Persson.
15:58 of 1st period - Shot Blocked by Darnell Nurse.
16:50 of 1st period - Michael Ryder is hit by Daultan Leveillé and loses puck.
17:11 of 1st period - Snap shot by Brian Ferlin.
17:11 of 1st period - Goal by Brian Ferlin - Monarchs : 2 - Rafales : 3.
17:12 of 1st period - Mike Zigomanis wins face-off versus Marko Dano in neutral zone.
17:25 of 1st period - Snap shot by Cody McLeod.
17:25 of 1st period - Goal by Cody McLeod - Monarchs : 2 - Rafales : 4.
17:25 of 1st period - Eric Comrie enters game.
17:26 of 1st period - Marko Dano wins face-off versus Mike Zigomanis in neutral zone.
17:31 of 1st period - Wrist shot by Cody McLeod.
17:31 of 1st period - Stopped by Eric Comrie without a rebound.
17:32 of 1st period - Marko Dano wins face-off versus Mike Zigomanis in Monarchs zone.
17:42 of 1st period - Icing by Mike Zigomanis.
17:43 of 1st period - Michael Ryder wins face-off versus Marko Dano in Rafales zone.
18:08 of 1st period - Wrist shot by Cody McLeod.
18:08 of 1st period - Stopped by Eric Comrie with a rebound.
18:10 of 1st period - Slapshot by Cody McLeod.
18:10 of 1st period - Stopped by Eric Comrie without a rebound.
18:11 of 1st period - Nathan Davis wins face-off versus Daultan Leveillé in Monarchs zone.
18:16 of 1st period - Wrist shot by Nathan Davis.
18:16 of 1st period - Goal by Nathan Davis - Monarchs : 2 - Rafales : 5.
18:17 of 1st period - Nathan Davis wins face-off versus Marko Dano in neutral zone.
18:20 of 1st period - Backhand shot by Milan Bartovic.
18:20 of 1st period - Shot Misses the Net.
18:22 of 1st period - Slapshot by James Sheppard.
18:22 of 1st period - Shot Blocked by Andre Burakovsky.
18:24 of 1st period - Slapshot by Dylan McIlrath.
18:24 of 1st period - Stopped by Eric Comrie with a rebound.
18:26 of 1st period - Snap shot by Milan Bartovic.
18:26 of 1st period - Shot Misses the Net.
18:48 of 1st period - Backhand shot by Teuvo Teravainen.
18:48 of 1st period - Stopped by Leland Irving without a rebound.
18:49 of 1st period - Daultan Leveillé wins face-off versus Mike Zigomanis in Rafales zone.
19:42 of 1st period - Snap shot by Brian Ferlin.
19:42 of 1st period - Shot Misses the Net.
19:44 of 1st period - Snap shot by Brian Ferlin.
19:44 of 1st period - Shot Misses the Net.
19:56 of 1st period - Snap shot by Valentin Zykov.
19:56 of 1st period - Stopped by Leland Irving without a rebound.
19:57 of 1st period - Mike Hoffman wins face-off versus Kevin Veilleux in Rafales zone.
Goals for this period are 2 for Monarchs vs 5 for Rafales.
Shots for this period are 18 for Monarchs vs 15 for Rafales.
2nd period
0:01 of 2nd period - Marko Dano wins face-off versus Mike Zigomanis in neutral zone.
1:05 of 2nd period - Snap shot by Jonathan Drouin.
1:05 of 2nd period - Stopped by Leland Irving with a rebound.
1:25 of 2nd period - Slapshot by Cody McLeod.
1:25 of 2nd period - Shot Misses the Net.
1:31 of 2nd period - Slapshot by Mike Zigomanis.
1:31 of 2nd period - Shot Blocked by Robert Hagg.
1:33 of 2nd period - Snap shot by Mike Zigomanis.
1:33 of 2nd period - Stopped by Eric Comrie without a rebound.
1:34 of 2nd period - Nathan Davis wins face-off versus Marko Dano in Monarchs zone.
1:39 of 2nd period - Snap shot by James Sheppard.
1:39 of 2nd period - Stopped by Eric Comrie without a rebound.
1:40 of 2nd period - Nathan Davis wins face-off versus Marko Dano in Monarchs zone.
1:41 of 2nd period - Snap shot by James Sheppard.
1:41 of 2nd period - Stopped by Eric Comrie with a rebound.
1:43 of 2nd period - Wrist shot by Milan Bartovic.
1:43 of 2nd period - Stopped by Eric Comrie with a rebound.
1:45 of 2nd period - Snap shot by Connor Murphy.
1:45 of 2nd period - Stopped by Eric Comrie with a rebound.
1:51 of 2nd period - Snap shot by James Sheppard.
1:51 of 2nd period - Stopped by Eric Comrie with a rebound.
2:33 of 2nd period - Snap shot by Chris Tierney.
2:33 of 2nd period - Deflect By Mike Hoffman.
2:33 of 2nd period - Stopped by Leland Irving with a rebound.
3:06 of 2nd period - Slapshot by Nathan Davis.
3:06 of 2nd period - Shot Misses the Net.
3:34 of 2nd period - Slater Koekkoek is hit by Garnet Hathaway and loses puck.
4:43 of 2nd period - Wrist shot by Teuvo Teravainen.
4:43 of 2nd period - Goal by Teuvo Teravainen - Monarchs : 3 - Rafales : 5.
4:44 of 2nd period - Marko Dano wins face-off versus Mike Zigomanis in neutral zone.
5:11 of 2nd period - Daultan Leveillé is hit by Nathan Davis and loses puck.
5:18 of 2nd period - Snap shot by Nathan Davis.
5:18 of 2nd period - Shot Misses the Net.
5:52 of 2nd period - Slapshot by Connor Brown.
5:52 of 2nd period - Shot Misses the Net.
5:54 of 2nd period - Slapshot by Connor Brown.
5:54 of 2nd period - Goal by Connor Brown - Monarchs : 4 - Rafales : 5.
5:55 of 2nd period - Mike Zigomanis wins face-off versus Marko Dano in neutral zone.
6:11 of 2nd period - Wrist shot by Andre Burakovsky.
6:11 of 2nd period - Stopped by Leland Irving without a rebound.
6:12 of 2nd period - Daultan Leveillé wins face-off versus Nathan Davis in Rafales zone.
6:13 of 2nd period - Snap shot by Teuvo Teravainen.
6:13 of 2nd period - Stopped by Leland Irving with a rebound.
6:25 of 2nd period - Snap shot by Matt Gilroy.
6:25 of 2nd period - Shot Misses the Net.
6:27 of 2nd period - Backhand shot by James Sheppard.
6:27 of 2nd period - Deflect By Nathan Davis.
6:27 of 2nd period - Goal by Nathan Davis - Monarchs : 4 - Rafales : 6.
6:28 of 2nd period - Mike Zigomanis wins face-off versus Marko Dano in neutral zone.
7:17 of 2nd period - Joel Armia is hit by Slater Koekkoek.
9:09 of 2nd period - Snap shot by Brian Ferlin.
9:09 of 2nd period - Stopped by Eric Comrie without a rebound.
9:10 of 2nd period - Mike Zigomanis wins face-off versus Marko Dano in Monarchs zone.
9:11 of 2nd period - Slapshot by Michael Ryder.
9:11 of 2nd period - Shot Misses the Net.
9:26 of 2nd period - Wrist shot by Andre Burakovsky.
9:26 of 2nd period - Shot Misses the Net.
9:47 of 2nd period - Matt Gilroy is hit by Darnell Nurse and loses puck.
10:45 of 2nd period - Wrist shot by Mike Zigomanis.
10:45 of 2nd period - Goal by Mike Zigomanis - Monarchs : 4 - Rafales : 7.
10:46 of 2nd period - Mike Zigomanis wins face-off versus Andre Burakovsky in neutral zone.
11:11 of 2nd period - James Sheppard is hit by Garnet Hathaway.
11:15 of 2nd period - Snap shot by James Sheppard.
11:15 of 2nd period - Shot Blocked by Josh Morrissey.
11:17 of 2nd period - Slapshot by Milan Bartovic.
11:17 of 2nd period - Stopped by Eric Comrie without a rebound.
11:18 of 2nd period - Mike Zigomanis wins face-off versus Daultan Leveillé in Monarchs zone.
11:29 of 2nd period - Wrist shot by Teuvo Teravainen.
11:29 of 2nd period - Shot Misses the Net.
11:31 of 2nd period - Slapshot by David Fischer.
11:31 of 2nd period - Stopped by Leland Irving with a rebound.
11:39 of 2nd period - Wrist shot by Garnet Hathaway.
11:39 of 2nd period - Stopped by Leland Irving with a rebound.
11:41 of 2nd period - Slapshot by Robert Hagg.
11:41 of 2nd period - Shot Blocked by Dylan McIlrath.
11:45 of 2nd period - Snap shot by Teuvo Teravainen.
11:45 of 2nd period - Stopped by Leland Irving with a rebound.
11:47 of 2nd period - Snap shot by Darnell Nurse.
11:47 of 2nd period - Stopped by Leland Irving without a rebound.
11:48 of 2nd period - Nathan Davis wins face-off versus Marko Dano in Rafales zone.
12:01 of 2nd period - Wrist shot by James Sheppard.
12:01 of 2nd period - Stopped by Eric Comrie with a rebound.
12:17 of 2nd period - Snap shot by Carl Klingberg.
12:17 of 2nd period - Deflect By Brian Ferlin.
12:17 of 2nd period - Shot Misses the Net.
12:17 of 2nd period - Puck is out of play.
12:18 of 2nd period - Steve Ott wins face-off versus Cedric Paquette in Monarchs zone.
12:43 of 2nd period - Josh Morrissey is hit by Nathan Davis and loses puck.
13:00 of 2nd period - Wrist shot by Steve Ott.
13:00 of 2nd period - Goal by Steve Ott - Monarchs : 5 - Rafales : 7.
13:01 of 2nd period - Mike Zigomanis wins face-off versus Marko Dano in neutral zone.
13:28 of 2nd period - Garnet Hathaway is hit by Milan Bartovic and loses puck.
14:02 of 2nd period - Icing by Dennis Persson.
14:03 of 2nd period - Cedric Paquette wins face-off versus Steve Ott in Rafales zone.
14:03 of 2nd period - Cedric Paquette is hit by Steve Ott.
14:09 of 2nd period - Snap shot by Michael Ryder.
14:09 of 2nd period - Shot Misses the Net.
14:18 of 2nd period - Minor Penalty to Alec Martinez for High sticking.
14:19 of 2nd period - Mike Zigomanis wins face-off versus Daultan Leveillé in Monarchs zone.
15:03 of 2nd period - Mike Zigomanis is hit by Daultan Leveillé and loses puck.
15:10 of 2nd period - Minor Penalty to Mike Zigomanis for Roughing.
15:11 of 2nd period - Marko Dano wins face-off versus James Sheppard in Rafales zone.
15:52 of 2nd period - Darnell Nurse is hit by Cedric Paquette.
16:18 of 2nd period - Penalty to Alec Martinez is over, Alec Martinez is back on ice.
17:10 of 2nd period - Penalty to Mike Zigomanis is over, Mike Zigomanis is back on ice.
17:53 of 2nd period - Off-side.
17:54 of 2nd period - Daultan Leveillé wins face-off versus Kevin Veilleux in neutral zone.
18:19 of 2nd period - Andre Burakovsky is hit by James Sheppard and loses puck.
19:08 of 2nd period - Snap shot by Carl Klingberg.
19:08 of 2nd period - Shot Misses the Net.
19:20 of 2nd period - Wrist shot by Kevin Veilleux.
19:20 of 2nd period - Deflect By Chris Terry.
19:20 of 2nd period - Shot Misses the Net.
19:20 of 2nd period - Puck is out of play.
19:21 of 2nd period - Andre Burakovsky wins face-off versus Kevin Veilleux in Monarchs zone.
19:21 of 2nd period - Andre Burakovsky is hit by Kevin Veilleux.
19:32 of 2nd period - Snap shot by Kevin Veilleux.
19:32 of 2nd period - Stopped by Eric Comrie with a rebound.
19:34 of 2nd period - Wrist shot by James Marcou.
19:34 of 2nd period - Shot Blocked by Darnell Nurse.
19:36 of 2nd period - Wrist shot by Kevin Veilleux.
19:36 of 2nd period - Goal by Kevin Veilleux - Monarchs : 5 - Rafales : 8.
19:36 of 2nd period - Anders Lindback enters game.
19:37 of 2nd period - Marko Dano wins face-off versus Mike Zigomanis in neutral zone.
19:40 of 2nd period - Slapshot by Will Butcher.
19:40 of 2nd period - Deflect By Andre Burakovsky.
19:40 of 2nd period - Stopped by Leland Irving with a rebound.
19:42 of 2nd period - Snap shot by Connor Brown.
19:42 of 2nd period - Stopped by Leland Irving without a rebound.
19:43 of 2nd period - Mike Zigomanis wins face-off versus Marko Dano in Rafales zone.
19:56 of 2nd period - Slapshot by Darnell Nurse.
19:56 of 2nd period - Shot Blocked by Dylan McIlrath.
Goals for this period are 3 for Monarchs vs 3 for Rafales.
Shots for this period are 13 for Monarchs vs 13 for Rafales.
3rd period
0:01 of 3rd period - Marko Dano wins face-off versus Cody McLeod in neutral zone.
0:26 of 3rd period - Matt Gilroy is hit by Josh Morrissey.
0:30 of 3rd period - Daultan Leveillé is hit by Milan Bartovic and loses puck.
1:55 of 3rd period - Slapshot by Milan Bartovic.
1:55 of 3rd period - Goal by Milan Bartovic - Monarchs : 5 - Rafales : 9.
1:56 of 3rd period - Mike Zigomanis wins face-off versus Connor Brown in neutral zone.
2:02 of 3rd period - Cody McLeod and Connor Brown fight to a draw.
2:02 of 3rd period - Penalty to Cody McLeod for Fighting.
2:02 of 3rd period - Penalty to Connor Brown for Fighting.
2:03 of 3rd period - Marko Dano wins face-off versus Mike Zigomanis in Monarchs zone.
2:10 of 3rd period - Snap shot by Michael Ryder.
2:10 of 3rd period - Stopped by Anders Lindback with a rebound.
2:12 of 3rd period - Backhand shot by Connor Murphy.
2:12 of 3rd period - Shot Misses the Net.
2:28 of 3rd period - Brian Ferlin is hit by Daultan Leveillé and loses puck.
2:54 of 3rd period - Minor Penalty to Steve Ott for Hooking.
2:55 of 3rd period - Mike Zigomanis wins face-off versus Daultan Leveillé in Monarchs zone.
2:59 of 3rd period - Slapshot by Carl Klingberg.
2:59 of 3rd period - Shot Misses the Net.
3:31 of 3rd period - Snap shot by Nathan Davis.
3:31 of 3rd period - Stopped by Anders Lindback with a rebound.
3:33 of 3rd period - Snap shot by Milan Bartovic.
3:33 of 3rd period - Stopped by Anders Lindback without a rebound.
3:34 of 3rd period - Nathan Davis wins face-off versus Daultan Leveillé in Monarchs zone.
3:39 of 3rd period - Wrist shot by Milan Bartovic.
3:39 of 3rd period - Stopped by Anders Lindback with a rebound.
3:41 of 3rd period - Wrist shot by Nathan Davis.
3:41 of 3rd period - Shot Blocked by Alec Martinez.
4:43 of 3rd period - Wrist shot by Nathan Davis.
4:43 of 3rd period - Stopped by Anders Lindback with a rebound.
4:45 of 3rd period - Slapshot by Nathan Davis.
4:45 of 3rd period - Stopped by Anders Lindback with a rebound.
4:47 of 3rd period - Slapshot by Milan Bartovic.
4:47 of 3rd period - Stopped by Anders Lindback without a rebound.
4:48 of 3rd period - Daultan Leveillé wins face-off versus Mike Zigomanis in Monarchs zone.
4:54 of 3rd period - Penalty to Steve Ott is over, Steve Ott is back on ice.
5:36 of 3rd period - Carl Klingberg is hit by Joel Armia and loses puck.
6:03 of 3rd period - Minor Penalty to Darnell Nurse for Hooking.
6:04 of 3rd period - Daultan Leveillé wins face-off versus Mike Zigomanis in Monarchs zone.
6:36 of 3rd period - David Fischer is hit by Milan Bartovic and loses puck.
7:01 of 3rd period - Slapshot by David Fischer.
7:01 of 3rd period - Shot Blocked by Dylan McIlrath.
7:02 of 3rd period - Penalty to Connor Brown is over, Connor Brown is back on ice.
7:40 of 3rd period - Robert Hagg is hit by Matt Gilroy and loses puck.
8:03 of 3rd period - Penalty to Darnell Nurse is over, Darnell Nurse is back on ice.
8:13 of 3rd period - Cedric Paquette is hit by Steve Ott and loses puck.
8:28 of 3rd period - Chris Terry is hit by Marko Dano and loses puck.
8:35 of 3rd period - Wrist shot by Connor Brown.
8:35 of 3rd period - Shot Misses the Net.
8:37 of 3rd period - Snap shot by Connor Brown.
8:37 of 3rd period - Shot Blocked by Dennis Persson.
8:40 of 3rd period - Icing by Joey Laleggia.
8:41 of 3rd period - Kevin Veilleux wins face-off versus Daultan Leveillé in Rafales zone.
9:11 of 3rd period - Andre Burakovsky is hit by Milan Bartovic and loses puck.
9:22 of 3rd period - Minor Penalty to Darnell Nurse for Slashing.
9:23 of 3rd period - Daultan Leveillé wins face-off versus Mike Zigomanis in Monarchs zone.
10:48 of 3rd period - Michael Ryder is hit by Chris Tierney and loses puck.
11:22 of 3rd period - Penalty to Darnell Nurse is over, Darnell Nurse is back on ice.
12:02 of 3rd period - Snap shot by Steve Ott.
12:02 of 3rd period - Stopped by Leland Irving with a rebound.
12:04 of 3rd period - Slapshot by Mike Reilly.
12:04 of 3rd period - Shot Misses the Net.
13:09 of 3rd period - Carl Klingberg is hit by Steve Ott and loses puck.
13:28 of 3rd period - Snap shot by Teuvo Teravainen.
13:28 of 3rd period - Stopped by Leland Irving with a rebound.
15:32 of 3rd period - Wrist shot by Cody McLeod.
15:32 of 3rd period - Shot Misses the Net.
16:22 of 3rd period - Minor Penalty to Joel Armia for Interference.
16:23 of 3rd period - Mike Zigomanis wins face-off versus Daultan Leveillé in Monarchs zone.
16:26 of 3rd period - Snap shot by Mike Zigomanis.
16:26 of 3rd period - Shot Misses the Net.
16:28 of 3rd period - Backhand shot by Connor Murphy.
16:28 of 3rd period - Shot Blocked by Robert Hagg.
16:30 of 3rd period - Wrist shot by Cody McLeod.
16:30 of 3rd period - Stopped by Anders Lindback with a rebound.
16:32 of 3rd period - Snap shot by Cody McLeod.
16:32 of 3rd period - Shot Misses the Net.
16:34 of 3rd period - Snap shot by Connor Murphy.
16:34 of 3rd period - Shot Misses the Net.
16:36 of 3rd period - Snap shot by Michael Ryder.
16:36 of 3rd period - Shot Misses the Net.
16:48 of 3rd period - Chris Tierney is hit by Milan Bartovic and loses puck.
16:53 of 3rd period - Snap shot by Milan Bartovic.
16:53 of 3rd period - Stopped by Anders Lindback with a rebound.
17:27 of 3rd period - Alec Martinez is hit by Michael Ryder and loses puck.
17:55 of 3rd period - Icing by Michael Ryder.
17:56 of 3rd period - Mike Zigomanis wins face-off versus Garnet Hathaway in Rafales zone.
17:56 of 3rd period - Mike Zigomanis is hit by Garnet Hathaway.
18:03 of 3rd period - Icing by Matt Gilroy.
18:04 of 3rd period - Mike Zigomanis wins face-off versus Chris Tierney in Rafales zone.
18:17 of 3rd period - Snap shot by Milan Bartovic.
18:17 of 3rd period - Stopped by Anders Lindback with a rebound.
18:19 of 3rd period - Wrist shot by Nathan Davis.
18:19 of 3rd period - Stopped by Anders Lindback with a rebound.
18:21 of 3rd period - Slapshot by Milan Bartovic.
18:21 of 3rd period - Stopped by Anders Lindback with a rebound.
18:22 of 3rd period - Penalty to Joel Armia is over, Joel Armia is back on ice.
18:23 of 3rd period - Wrist shot by Nathan Davis.
18:23 of 3rd period - Deflect By James Sheppard.
18:23 of 3rd period - Shot Misses the Net.
18:23 of 3rd period - Puck is out of play.
18:24 of 3rd period - Marko Dano wins face-off versus Nathan Davis in Monarchs zone.
18:35 of 3rd period - Snap shot by Andre Burakovsky.
18:35 of 3rd period - Shot Misses the Net.
18:51 of 3rd period - Steve Ott is hit by Michael Ryder and loses puck.
Goals for this period are 0 for Monarchs vs 1 for Rafales.
Shots for this period are 2 for Monarchs vs 13 for Rafales.
Back to the Top